[Event "4NCL Div 1 2024-25"]
[Site "England"]
[Date "2025.04.05"]
[Round "7.12"]
[White "Jaracz, Pawel"]
[Black "Tayar, Jonathan"]
[Result "1-0"]
[Annotator "TA"]
[ECO "B22"]
[WhiteElo "2473"]
[BlackElo "2344"]
[PlyCount "81"]
[EventDate "2024.11.23"]
[EventType "team-tourn"]
[EventCountry "ENG"]
[SourceTitle "playchess.com"]
[Source "ChessBase"]
[SourceQuality "1"]
[TimeControl "40/6000+30:3000+30"]

1. e4 c5 2. c3 d5 3. exd5 Qxd5 4. d4 Nf6 5. Nf3 Bg4 6. dxc5 Qxc5 7. Na3 {[%emt 0:00:39] 7.Na3 has become a bit dusty these days.} Nbd7 {[%emt 0:03:48] B22: Sicilian: 2 c3.} (7... a6 $11 {is more appropriate.}) 8. Be3 Qc7 9. h3 Bh5 ({Black should try} 9... Bxf3 $1 $14 10. Qxf3 a6) 10. Nb5 $16 Qb8 11. g4 {[%emt 0:18:57][%cal Od1d4,Bg2g4,Bg4g5][%mdl 32] White is much more active.} Bg6 12. g5 $1 $36 {[%emt 0:15:01][%csl Of8][%mdl 2048] Black has a bad bishop Black is under strong pressure.} Ne4 13. Nh4 $1 a6 {[%emt 0:06:12] [#]} 14. Nxg6 $1 hxg6 15. Qd5 Rh4 (15... Nxf2 $142 16. Bxf2 e6) 16. O-O-O $1 $18 Qc8 {[%emt 0:00:00] [#]} 17. Rd4 $1 e6 $146 (17... Ndc5 18. Qe5 f6 19. Nc7+ Kf7 20. Qh2 Rb8 21. f3 b5 22. gxf6 gxf6 23. Nd5 e5 24. Rxe4 Nxe4 25. fxe4 Rxe4 {1-0 Baklan,V (2607)-Likavsky,T (2453) Metz op 21st 2003 (5)}) 18. Rxe4 axb5 19. Bxb5 Rxe4 20. Qxe4 Rxa2 21. Kb1 Ra5 22. Qd3 Bd6 23. Bb6 (23. b4 Rxb5 24. Qxb5 Qxc3 $11) 23... Rxb5 24. Qxb5 Ke7 25. Bd4 e5 26. Be3 Bc5 27. Qc4 b6 28. Rd1 {[%emt 0:00:50] Hoping for b4.} Qb7 29. Qd5 Qc7 30. Re1 Qa7 31. Qc6 Bxe3 32. fxe3 {[%emt 0:00:44][%mdl 4096] Endgame KQR-KQN} (32. Rxe3 Qb8 33. Kc2 Qd6 34. Qxd6+ Kxd6 $18) 32... Nc5 33. Rd1 Qb8 {[%emt 0:00:39] Against Qd6+} (33... Ne6 $142 34. Qd6+ Ke8 35. Qc6+ (35. Qxe5 Kf8 $18) 35... Ke7) 34. b4 Ne6 35. h4 Qa7 (35... Qc7 $142 36. Qxc7+ Nxc7) 36. Qd6+ Ke8 37. Qxe5 Qa3 38. Qb8+ {[%emt 0:01:27] White mates.} Ke7 39. Qd6+ ({And not} 39. Qxb6 Qb3+ 40. Kc1 Qxc3+ 41. Kb1 Qb3+ 42. Kc1 Qc3+ 43. Kb1 Qb3+ 44. Kc1 Qc3+ $11) 39... Ke8 40. Qd7+ Kf8 41. Qc8+ {[%emt 0:50:02] Black did not feel at home in the position after the opening.   Weighted Error Value: White=0.21 (precise) /Black=0.62  Mistake:       	---       	Black=3      Inaccurate:     	---       	Black=1      OK:         	White=11    	Black=9      Best:        	White=2     	Black=2      Strong:       	White=3     	---} 1-0

[Event "4NCL Div 1 2024-25"]
[Site "England"]
[Date "2025.04.05"]
[Round "7.13"]
[White "Sowray, Peter J"]
[Black "Grieve, Harry"]
[Result "1/2-1/2"]
[Annotator "RC"]
[ECO "D00"]
[WhiteElo "2205"]
[BlackElo "2464"]
[PlyCount "97"]
[EventDate "2024.11.23"]
[EventType "team-tourn"]
[EventCountry "ENG"]
[SourceTitle "playchess.com"]
[Source "ChessBase"]
[SourceQuality "1"]
[TimeControl "40/6000+30:3000+30"]

1. d4 d5 2. Nc3 Nf6 3. Bf4 e6 4. e3 Bb4 5. Bd3 c5 6. dxc5 Bxc3+ 7. bxc3 Nbd7 8. Nf3 Qa5 9. O-O Qxc5 10. Qe2 O-O 11. Rab1 b6 12. Ne5 Bb7 13. Rb4 Qxc3 14. Nxd7 Nxd7 15. Bd6 f5 16. Rb3 Qf6 17. Bxf8 Qxf8 18. Rd1 Nc5 19. Rbb1 Na4 20. Qd2 Rc8 21. Rb3 Nc5 22. Rb4 Rc7 23. Rdb1 Qc8 24. a4 Ba6 25. a5 Nd7 26. axb6 axb6 27. h3 Kf7 28. Qe2 Bxd3 29. cxd3 g6 30. Qb2 h5 31. Qd4 Rc5 32. f4 h4 33. Ra1 Rc1+ 34. Kh2 Rxa1 35. Qxa1 Qc5 36. Qe1 Qa5 37. Qb1 Qc5 38. d4 Qc3 39. Rb3 Qd2 40. Qf1 Nf6 41. Qf3 Ne4 42. Rb1 Ng3 43. Rd1 Qc2 44. Re1 b5 45. Qd1 Qf2 46. Qa1 g5 47. Qa7+ Kg6 48. Qe7 Qxe1 49. Qxe6+ 1/2-1/2

[Event "4NCL Div 1 2024-25"]
[Site "England"]
[Date "2025.04.05"]
[Round "7.14"]
[White "Cyborowski, Lukasz"]
[Black "Zhao, George"]
[Result "1-0"]
[Annotator "RC"]
[ECO "A11"]
[WhiteElo "2454"]
[BlackElo "2233"]
[PlyCount "61"]
[EventDate "2024.11.23"]
[EventType "team-tourn"]
[EventCountry "ENG"]
[SourceTitle "playchess.com"]
[Source "ChessBase"]
[SourceQuality "1"]
[TimeControl "40/6000+30:3000+30"]

1. Nf3 d5 2. e3 Nf6 3. c4 c6 4. Nc3 Bg4 5. cxd5 cxd5 6. Qb3 Bxf3 7. Qxb7 Nbd7 8. gxf3 e6 9. Nb5 Rc8 10. Qxa7 Bc5 11. Qa4 O-O 12. Be2 e5 13. b4 Bb6 14. Bb2 d4 15. Qb3 dxe3 16. dxe3 Qe7 17. Rd1 Rc6 18. a4 Nb8 19. a5 Ba7 20. Nxa7 Qxa7 21. Bxe5 Re8 22. Bg3 Rce6 23. O-O h5 24. Bc4 R6e7 25. Bd6 Rd7 26. Bb5 Re6 27. Bxb8 Qxb8 28. Bxd7 Nxd7 29. Rxd7 Qa8 30. Qd5 Qa6 31. b5 1-0

[Event "4NCL Div 1 2024-25"]
[Site "England"]
[Date "2025.04.05"]
[Round "7.15"]
[White "Brett, Andrew R"]
[Black "Galyas, Miklos"]
[Result "0-1"]
[Annotator "RC"]
[ECO "D35"]
[WhiteElo "2069"]
[BlackElo "2374"]
[PlyCount "75"]
[EventDate "2024.11.23"]
[EventType "team-tourn"]
[EventCountry "ENG"]
[SourceTitle "playchess.com"]
[Source "ChessBase"]
[SourceQuality "1"]
[TimeControl "40/6000+30:3000+30"]

1. d4 d5 2. c4 e6 3. Nc3 Nf6 4. cxd5 exd5 5. Bg5 Be6 6. Nf3 Nbd7 7. e3 h6 8. Bh4 g5 9. Bg3 Nh5 10. Bd3 Nxg3 11. hxg3 c6 12. Qc2 Qf6 13. a3 Bg7 14. Rc1 Qe7 15. Ne2 h5 16. Bf5 O-O-O 17. b4 Kb8 18. Bxe6 fxe6 19. Qd3 e5 20. dxe5 Nxe5 21. Nxe5 Bxe5 22. Nd4 g4 23. Kd2 Qf6 24. Rcf1 Rde8 25. Ne2 Bc7 26. a4 Qb2+ 27. Qc2 Qxb4+ 28. Qc3 Re4 29. Qxb4 Rxb4 30. Ra1 Rb2+ 31. Ke1 Be5 32. f4 gxf3 33. gxf3 Rb3 34. Rd1 Rxe3 35. Kf2 Ra3 36. f4 Bf6 37. Rh3 h4 38. g4 0-1

[Event "4NCL Div 1 2024-25"]
[Site "England"]
[Date "2025.04.05"]
[Round "7.16"]
[White "Terbe, Julianna"]
[Black "Bhatia, Kanwal K"]
[Result "1-0"]
[Annotator "ChessBase"]
[ECO "D02"]
[WhiteElo "2225"]
[BlackElo "1976"]
[PlyCount "83"]
[EventDate "2024.11.23"]
[EventType "team-tourn"]
[EventCountry "ENG"]
[SourceTitle "playchess.com"]
[Source "ChessBase"]
[SourceQuality "1"]
[TimeControl "40/6000+30:3000+30"]

1. Nf3 d5 2. d4 c5 3. g3 cxd4 4. Bg2 Nc6 5. Nxd4 e5 6. Nxc6 bxc6 7. c4 Nf6 8. Nc3 Bb7 9. cxd5 cxd5 10. Qa4+ Qd7 11. Qxd7+ Kxd7 12. O-O Rd8 13. Bg5 Kc7 14. Rac1 Kb8 15. Na4 d4 16. Nc5 Bxg2 17. Kxg2 h6 18. Bxf6 gxf6 19. g4 h5 20. h3 Bh6 21. Rc4 hxg4 22. hxg4 Bf4 23. Rh1 Rxh1 24. Kxh1 Rh8+ 25. Kg2 Rh2+ 26. Kf3 Rh3+ 27. Ke4 Rh2 28. Nd3 Bg5 29. a4 Rg2 30. Kf3 Rg1 31. a5 Ra1 32. b4 Ra2 33. Rc6 Kb7 34. Rd6 Kc7 35. Ra6 Kb8 36. Nc5 Ra3+ 37. Ke4 Ra2 38. Rc6 Rxe2+ 39. Kf3 Re1 40. a6 Rc1 41. Ke4 Rc3 42. Kd5 1-0

[Event "4NCL Div 1 2024-25"]
[Site "England"]
[Date "2025.04.05"]
[Round "7.17"]
[White "Larkin, Vladyslav"]
[Black "Ghasi, Ameet K"]
[Result "1/2-1/2"]
[Annotator "TA"]
[ECO "B06"]
[WhiteElo "2455"]
[BlackElo "2503"]
[PlyCount "81"]
[EventDate "2024.11.23"]
[EventType "team-tourn"]
[EventCountry "ENG"]
[SourceTitle "playchess.com"]
[Source "ChessBase"]
[SourceQuality "1"]
[TimeControl "40/6000+30:3000+30"]

1. e4 g6 2. d4 Bg7 3. Nf3 d6 4. Bc4 e6 5. Qe2 Ne7 6. c3 {[%emt 0:07:49] B06: Modern Defence.} Nd7 7. e5 $146 (7. Nbd2 a6 8. Nf1 b5 9. Bd3 Bb7 10. Ng3 c5 11. O-O Qc7 12. a4 c4 13. Bc2 {1-0 Vokhidov,S (2578)-Tomaszewski,K (2317) Titled Tuesday intern op 19th Sep Early blitz 2023 (1)}) 7... a6 8. Bf4 b5 {[%emt 0:03:40] [#] Hoping for ...dxe5.} 9. Bb3 dxe5 10. Nxe5 Nxe5 11. Bxe5 Bxe5 12. Qxe5 O-O 13. O-O Bb7 14. Nd2 Qd6 15. Rfe1 Rfd8 16. Qf6 {[%emt 0:12:40][%cal Re1e6] [#]} Nd5 17. Bxd5 Bxd5 18. Nf1 Qf8 19. Ne3 {[%emt 0:02:30] Black is weak on the dark squares} h5 20. a3 Bb7 21. Qg5 Rac8 22. b4 Bc6 23. f4 Kh7 24. Rf1 Rd6 25. Rae1 Qd8 26. g4 f6 27. Qh4 f5 28. Qxd8 Rcxd8 29. gxh5 gxh5 30. Kf2 Rg8 31. Rg1 Rxg1 32. Rxg1 $11 {[%emt 0:00:03][%mdl 4096] Endgame KRB-KRN} Be4 33. Ke2 a5 34. Rg5 Kh6 35. Nf1 axb4 36. axb4 h4 {[%emt 0:00:56] Against Ng3} 37. Nd2 {[%emt 0:00:20] Hoping for Nxe4.} Bd5 38. Rg8 (38. h3 $11) 38... Kh7 ({Better is} 38... Rc6 $1 $15 39. Kd3 e5 40. Rh8+ Kg7) 39. Rc8 {[%emt 0:00:10] The position is equal.} Rc6 40. Kd3 Kg7 41. Rb8 {[%emt 0:51:41] Weighted Error Value: White=0.09 (flawless) /Black=0.05 (flawless)   Mistake:       	White=1     	Black=1      Inaccurate:     	White=2     	Black=1      OK:         	White=16    	Black=19     Best:        	---       	Black=1} 1/2-1/2

[Event "4NCL Div 1 2024-25"]
[Site "England"]
[Date "2025.04.05"]
[Round "7.18"]
[White "Makkar, Rajat"]
[Black "Bottazzi, Ulysse"]
[Result "1/2-1/2"]
[Annotator "RC"]
[ECO "E71"]
[WhiteElo "2432"]
[BlackElo "2344"]
[PlyCount "81"]
[EventDate "2024.11.23"]
[EventType "team-tourn"]
[EventCountry "ENG"]
[SourceTitle "playchess.com"]
[Source "ChessBase"]
[SourceQuality "1"]
[TimeControl "40/6000+30:3000+30"]

1. d4 Nf6 2. c4 g6 3. Nc3 Bg7 4. e4 d6 5. h3 O-O 6. Be3 c5 7. d5 e6 8. Bd3 exd5 9. exd5 Qa5 10. Qd2 Na6 11. Nf3 Nb4 12. Bb1 b5 13. O-O bxc4 14. Bh6 Rb8 15. a3 Nd3 16. Bxg7 Kxg7 17. Bxd3 cxd3 18. b4 Qb6 19. Rfe1 Bb7 20. Qxd3 cxb4 21. axb4 Rfe8 22. Ng5 Qxb4 23. Rxe8 Rxe8 24. Rb1 Qf4 25. Ne6+ fxe6 26. Rxb7+ Kf8 27. Ne2 Qe5 28. dxe6 Rxe6 29. Nd4 Re7 30. Rb8+ Re8 31. Nc6 Qd5 32. Qc3 Qe6 33. Rxe8+ Kxe8 34. Nxa7 Qe5 35. Qc8+ Kf7 36. Nc6 Qe1+ 37. Kh2 Qxf2 38. Nd8+ Ke7 39. Nc6+ Kf7 40. Nd8+ Ke7 41. Nc6+ 1/2-1/2

[Event "4NCL Div 1 2024-25"]
[Site "England"]
[Date "2025.04.05"]
[Round "7.19"]
[White "Bezuidenhout, Roland"]
[Black "Fernandez, Daniel Howard"]
[Result "1-0"]
[Annotator "TA"]
[ECO "A15"]
[WhiteElo "2285"]
[BlackElo "2485"]
[PlyCount "81"]
[EventDate "2024.11.23"]
[EventType "team-tourn"]
[EventCountry "ENG"]
[SourceTitle "playchess.com"]
[Source "ChessBase"]
[SourceQuality "1"]
[TimeControl "40/6000+30:3000+30"]

1. c4 Nf6 2. g3 c6 3. Nf3 g6 4. b3 d6 5. Bb2 e5 6. Nc3 Bg7 7. Bg2 O-O 8. O-O a6 {[%emt 0:05:12] A15: English Opening: 1...Nf6.} 9. Qc2 Re8 10. d3 Nbd7 $146 {[%emt 0:07:05] The position is equal.} (10... d5 11. e4 d4 12. Ne2 c5 13. Kh1 Nc6 14. Nfg1 Ng4 15. h3 Nh6 16. Bc1 f5 {0-1 Kalajzic,I (2184)-Lalic,B (2440) Zagreb Hulak Memorial op 1st 2016 (5)}) 11. e4 b5 12. Rad1 Qc7 13. Rfe1 Bh6 ({Better is} 13... b4 $15 14. Na4 c5) 14. a3 Rb8 15. h3 c5 {[%emt 0:07:09] The position is symmetric and equal} 16. cxb5 axb5 17. b4 Ba6 18. Bc1 Bf8 19. Qb3 Rec8 20. Bd2 Qd8 21. Bf1 Qe8 22. h4 h6 23. Rc1 Kh7 24. Qa2 Nb6 (24... Ra8 $11) 25. Be3 (25. bxc5 $14 Rxc5 26. d4 exd4 27. Nxd4) 25... cxb4 (25... Ra8 $11) 26. axb4 $16 Na4 27. Bd2 (27. Bh3 $14) 27... Ra8 28. Bh3 Nxc3 $1 29. Bxc3 Rc7 30. Bd2 $36 {[%emt 0:02:14][%mdl 2048] White is more active.} Rxc1 31. Rxc1 d5 32. exd5 Bb7 33. Qb2 Bd6 34. Re1 Bxd5 35. Nxe5 Ra2 {[%emt 0:00:03] [#]} 36. Ng4 $1 Nxg4 (36... Rxb2 $2 37. Nxf6+ Kg7 38. Nxe8+ $18) 37. Qxa2 (37. Rxe8 $2 {loses.} Rxb2 38. Bxg4 Rxd2 $19) 37... Qc6 {[%emt 0:00:42][%mdl 8192] This move loses the game for Black.} (37... Qxe1+ $16 38. Bxe1 Bxa2 39. Bxg4 Bb1) 38. Qb2 $18 {[%emt 0:00:37] White is clearly winning.} h5 39. Qd4 f6 40. Bxg4 {[%emt 0:00:44][%cal Od4f6] Intending Qxf6! and mate.} hxg4 41. Qxf6 {[%emt 0:50:25] Weighted Error Value: White=0.28 (precise) /Black=0.78  Loses game:     	---       	Black=1      Mistake:       	White=2     	Black=3      Inaccurate:     	White=4     	Black=3      OK:         	White=9     	Black=5      Best:        	White=3     	Black=3      Strong:       	White=1     	Black=1} 1-0

[Event "4NCL Div 1 2024-25"]
[Site "England"]
[Date "2025.04.05"]
[Round "7.20"]
[White "Roberson, Peter T"]
[Black "Maycock Bates, David Henry"]
[Result "1-0"]
[Annotator "RC"]
[ECO "B13"]
[WhiteElo "2432"]
[BlackElo "2290"]
[PlyCount "115"]
[EventDate "2024.11.23"]
[EventType "team-tourn"]
[EventCountry "ENG"]
[SourceTitle "playchess.com"]
[Source "ChessBase"]
[SourceQuality "1"]
[TimeControl "40/6000+30:3000+30"]

1. Nc3 d5 2. d4 Nf6 3. Bf4 c5 4. e3 cxd4 5. exd4 a6 6. Nf3 Nc6 7. Ne5 Bf5 8. g4 Be6 9. Bg2 h5 10. g5 Nd7 11. g6 Ndxe5 12. dxe5 d4 13. gxf7+ Bxf7 14. Ne4 Bc4 15. b3 Bd5 16. O-O e6 17. Qd3 Be7 18. Nd6+ Bxd6 19. Qg6+ Kf8 20. Bxd5 exd5 21. Qf5+ Kg8 22. Qe6+ Kh7 23. Qf5+ Kg8 24. exd6 Qf6 25. Qxd5+ Qf7 26. Qxf7+ Kxf7 27. Rfe1 Rhe8 28. h4 Re6 29. Rxe6 Kxe6 30. Re1+ Kd7 31. Kg2 Rf8 32. Bg3 Rf5 33. Re4 Rc5 34. Re2 Kd8 35. Kf3 d3 36. Re1 Nd4+ 37. Ke4 dxc2 38. Bf4 Nc6 39. Rg1 g6 40. Be3 Re5+ 41. Kf4 Rf5+ 42. Ke4 Re5+ 43. Kf4 Rd5 44. Rc1 Nb4 45. a3 Nd3+ 46. Ke4 Nxc1 47. Kxd5 Nxb3 48. Ke6 c1=Q 49. Bb6+ Kc8 50. d7+ Kb8 51. d8=Q+ Qc8+ 52. Qxc8+ Kxc8 53. Kf6 Kd7 54. Kxg6 Ke6 55. f4 Nd2 56. f5+ Kd7 57. f6 Nf3 58. f7 1-0

[Event "4NCL Div 1 2024-25"]
[Site "England"]
[Date "2025.04.05"]
[Round "7.21"]
[White "Banerjee, Supratit"]
[Black "Price, Gwilym"]
[Result "1-0"]
[Annotator "ChessBase"]
[ECO "B45"]
[WhiteElo "2141"]
[BlackElo "2223"]
[PlyCount "53"]
[EventDate "2024.11.23"]
[EventType "team-tourn"]
[EventCountry "ENG"]
[SourceTitle "playchess.com"]
[Source "ChessBase"]
[SourceQuality "1"]
[TimeControl "40/6000+30:3000+30"]

1. e4 c5 2. Nf3 e6 3. d4 cxd4 4. Nxd4 Nf6 5. Nc3 Nc6 6. Be2 Bb4 7. O-O Bxc3 8. bxc3 Nxe4 9. Nxc6 dxc6 10. Bd3 Nf6 11. Ba3 Qc7 12. Qf3 c5 13. Rab1 Rb8 14. Rfe1 O-O 15. c4 e5 16. Qg3 Nd7 17. Bb2 f6 18. f4 Re8 19. h4 b6 20. Re2 Bb7 21. Rbe1 Re7 22. Qg4 Rbe8 23. Qh5 g6 24. Bxg6 hxg6 25. Qxg6+ Kf8 26. fxe5 Qc6 27. exf6 1-0

[Event "4NCL Div 1 2024-25"]
[Site "England"]
[Date "2025.04.05"]
[Round "7.22"]
[White "Onslow, Alfie"]
[Black "Finn, Peter"]
[Result "0-1"]
[Annotator "ChessBase"]
[ECO "A11"]
[WhiteElo "2170"]
[BlackElo "2199"]
[PlyCount "54"]
[EventDate "2024.11.23"]
[EventType "team-tourn"]
[EventCountry "ENG"]
[SourceTitle "playchess.com"]
[Source "ChessBase"]
[SourceQuality "1"]
[TimeControl "40/6000+30:3000+30"]

1. Nf3 d5 2. c4 c6 3. g3 Nf6 4. Bg2 dxc4 5. O-O Nbd7 6. Na3 Nb6 7. Ne5 Be6 8. Qc2 Qd4 9. Nxc6 bxc6 10. Bxc6+ Nfd7 11. Bxa8 Nxa8 12. d3 Bh3 13. Rd1 Qd5 14. e4 Qh5 15. Nxc4 e5 16. Ne3 Bc5 17. b4 Bxe3 18. fxe3 O-O 19. a4 f5 20. exf5 Qxf5 21. Ba3 Nc7 22. b5 Rf7 23. Re1 Ne6 24. Rac1 h5 25. Qe2 Ng5 26. Rc8+ Nf8 27. Rec1 Bg4 0-1

[Event "4NCL Div 1 2024-25"]
[Site "England"]
[Date "2025.04.05"]
[Round "7.23"]
[White "Bashylina, Luisa"]
[Black "Hryshchenko, Kamila"]
[Result "1-0"]
[Annotator "ChessBase"]
[ECO "E73"]
[WhiteElo "2132"]
[BlackElo "2138"]
[PlyCount "115"]
[EventDate "2024.11.23"]
[EventType "team-tourn"]
[EventCountry "ENG"]
[SourceTitle "playchess.com"]
[Source "ChessBase"]
[SourceQuality "1"]
[TimeControl "40/6000+30:3000+30"]

1. d4 g6 2. c4 Bg7 3. e4 d6 4. Nc3 Nf6 5. Be2 O-O 6. Be3 c5 7. d5 e6 8. Nf3 exd5 9. cxd5 Re8 10. Nd2 Na6 11. O-O Nc7 12. a4 Na6 13. f3 Nb4 14. Nc4 Re7 15. e5 Ne8 16. exd6 Rxe3 17. Nxe3 Bd4 18. Qd2 Nxd6 19. Kh1 Qh4 20. f4 Bd7 21. g3 Qh3 22. Ng2 Nf5 23. Rf3 Nh6 24. Nh4 Bg4 25. Rff1 Rd8 26. Bc4 Bf6 27. Nf3 Nf5 28. Ne4 Bg7 29. Nfg5 Qh5 30. d6 h6 31. Bxf7+ Kh8 32. Ne6 Bf3+ 33. Rxf3 Qxf3+ 34. Qg2 Qxg2+ 35. Kxg2 Rd7 36. Bxg6 Bxb2 37. N6xc5 Bxa1 38. Nxd7 Ne3+ 39. Kf3 Nc4 40. Ndc5 b6 41. d7 Nc6 42. Nd3 Kg7 43. Be8 a6 44. Nb4 Nd8 45. Nxa6 Bd4 46. Nc7 Nb2 47. f5 Bf6 48. Nxf6 Kxf6 49. Nd5+ Kxf5 50. Nxb6 Nd3 51. a5 Nc5 52. Nd5 Ke5 53. Nb4 Nce6 54. a6 Nc7 55. a7 Na8 56. Bg6 Kd6 57. Be4 Nb6 58. Nc6 1-0

[Event "4NCL Div 1 2024-25"]
[Site "England"]
[Date "2025.04.05"]
[Round "7.24"]
[White "Varnam, Liam D"]
[Black "Patel, Zain"]
[Result "1-0"]
[Annotator "NA"]
[ECO "C60"]
[WhiteElo "2033"]
[BlackElo "2083"]
[PlyCount "89"]
[EventDate "2024.11.23"]
[EventType "team-tourn"]
[EventCountry "ENG"]
[SourceTitle "playchess.com"]
[Source "ChessBase"]
[SourceQuality "1"]
[TimeControl "40/6000+30:3000+30"]

1. e4 e5 2. Nf3 Nc6 3. Bb5 Nge7 4. O-O Ng6 5. c3 a6 6. Ba4 d5 7. d3 dxe4 8. dxe4 Qxd1 9. Rxd1 f6 10. Be3 Be6 11. Bb3 Rd8 12. Nbd2 Kf7 13. g3 b5 14. Rdc1 Na5 15. Bxe6+ Kxe6 16. a4 Nb7 17. axb5 axb5 18. c4 b4 19. Ra7 Rb8 20. c5 c6 21. Ra4 Be7 22. Rxb4 Nf8 23. Ra4 Nd7 24. b4 Rhc8 25. Rca1 Nd8 26. Nc4 g6 27. Bd2 f5 28. exf5+ gxf5 29. Bc3 Bf6 30. Rd1 e4 31. Rd6+ Ke7 32. Bxf6+ Nxf6 33. Nd4 Nd5 34. Nxf5+ Kf8 35. Ne5 Rxb4 36. Ra7 Nb7 37. Rxc6 Rb1+ 38. Kg2 Rd8 39. Nd6 Ne7 40. Rc7 Nxc5 41. Nef7 Rd7 42. Rxd7 Nxd7 43. Rxd7 Rb2 44. Ng5 e3 45. Ne6+ 1-0

[Event "4NCL Div 1 2024-25"]
[Site "England"]
[Date "2025.04.05"]
[Round "7.25"]
[White "Kovchan, Alexander"]
[Black "Bazakutsa, Svyatoslav"]
[Result "0-1"]
[Annotator "TA"]
[ECO "B33"]
[WhiteElo "2453"]
[BlackElo "2486"]
[PlyCount "120"]
[EventDate "2024.11.23"]
[EventType "team-tourn"]
[EventCountry "ENG"]
[SourceTitle "playchess.com"]
[Source "ChessBase"]
[SourceQuality "1"]
[TimeControl "40/6000+30:3000+30"]

1. e4 c5 2. Nf3 Nc6 3. d4 cxd4 4. Nxd4 Nf6 5. Nc3 e5 6. Ndb5 d6 7. Bg5 a6 8. Na3 b5 9. Nd5 Be7 10. Bxf6 Bxf6 11. c3 O-O 12. Nc2 Rb8 {[%emt 0:00:18] The modern move.} 13. h4 g6 {[%emt 0:00:27] 13...Be7 is not played anymore.} 14. g3 {[%emt 0:00:44] B33: Sicilian: Pelikan and Sveshnikov Variations.} Bg7 15. h5 Ne7 16. Nce3 {[%emt 0:05:19] White has an edge.} Nxd5 17. Nxd5 Bb7 18. Bh3 Qg5 19. hxg6 hxg6 20. Bg2 $146 (20. Qd3 f5 21. Rd1 Rbd8 22. a4 Bc6 23. axb5 axb5 24. c4 b4 25. Bg2 Rf7 26. Nxb4 {1-0 Dominguez Perez,L (2752)-Bocharov,D (2513) Titled Tuesday intern op 30th Jan Early blitz 2024 (5)}) 20... Rfd8 21. Rh4 Bxd5 22. Qxd5 Rbc8 23. Rd1 Qe7 24. a3 Rc5 25. Qd3 Bf6 26. Rh1 Bg5 27. Qe2 Qe6 28. Bf3 a5 29. Kf1 Qb3 30. Rd3 Bc1 31. Kg2 Qxb2 (31... Bxb2 $2 32. Qd2 (32. Rb1 Rxc3 33. Rxc3 Qxc3 $18) 32... Qe6 (32... Bxc3 33. Qh6 f5 34. Qh8+ Kf7 35. Rh7+ Ke6 36. Qxd8 fxe4 37. Bg4#) 33. Qxb2 $18) (31... Bg5 $1 $14) 32. Qd1 $1 $18 Bg5 (32... Rxc3 $2 33. Rxd6 (33. Rxc3 Qxc3 34. Qxc1 Qxc1 $18) 33... Kg7 34. Rxd8 $18) 33. Rxd6 $2 (33. Bh5 $1 $18) 33... Rcc8 (33... Rxd6 $11 34. Qxd6 Qxc3) 34. Bg4 $1 $16 Be7 35. Rd5 Rb8 (35... Rxd5 $2 36. Qxd5 Rxc3 37. Qxe5 $18) 36. Qf3 (36. Be6 $1 $16 {[%cal Od1g4] Qg4! is the strong threat.} Rf8 (36... fxe6 37. Qg4 $16) 37. Qg4) 36... Rb6 $2 (36... Rxd5 $15 37. exd5 Qxa3 (37... Bxa3 38. Qf6)) 37. Rxe5 $2 {[%emt 0:05:19] [#]} (37. Qe3 $1 $18 {[%cal Re3h6] Intending Qh6 and mate.} Rxd5 38. exd5) 37... Rf6 $1 $36 {[%emt 0:00:40][%mdl 2048] Black is in control. Active counter play!} 38. Bf5 {[%emt 0:03:05] [#]} Bf8 (38... Qxa3 39. Rxb5 (39. Qg4 Bf8 $11) 39... Bf8 (39... gxf5 $2 40. Qh5 $18) 40. Qe3 $11 (40. Qg4 Bg7 $11)) 39. Qf4 Bg7 ({Much less strong is} 39... gxf5 40. Rxf5 Rxf5 41. exf5 $11) 40. Qh4 $2 (40. Rc5 $17) 40... gxf5 $19 41. Rxf5 Qxc3 42. Rb1 Rb8 43. Qf4 Rbb6 44. Rd1 Rxf5 (44... Qxa3 45. Rd8+ Kh7 46. Rh5+ Rh6 47. Qxf7 Rxh5 48. Qxh5+ Rh6 49. Qf5+ Rg6 50. Qh5+ Rh6 51. Qf5+ Rg6 52. Qh5+ Rh6 $14) 45. Rd8+ Bf8 46. exf5 Qc6+ ({And not} 46... Qxa3 47. f6 (47. Qg5+ Kh7 $11) 47... Qc5 48. Qg4+ Kh7 49. Qe4+ Kh8 50. Qe7 Qc6+ 51. Kh2 Qxf6 52. Qxf8+ Kh7 53. Qg8+ Kh6 54. Qf8+ Kg6 55. f4 Qb2+ 56. Kh3 $11) 47. Kg1 Qh6 {[%emt 0:00:36] Prevents Qg5+.} 48. Qg4+ Qg7 49. Qd1 b4 50. axb4 axb4 51. Rd4 Qf6 52. Qg4+ (52. Rg4+ $142 Bg7 53. Qd5) 52... Kh7 53. Qh5+ Bh6 54. Rd7 Kg8 55. Qg4+ Bg7 {[%emt 0:00:51] And now ...b3 would win.} 56. Ra7 b3 {[%emt 0:01:44] Black mates.} 57. Ra8+ Kh7 58. Qh5+ Qh6 59. Qxf7 Qc1+ 60. Kg2 Qc6+ {[%emt 0:00:06] Never resign too early!   Weighted Error Value: White=0.60/Black=0.23 (precise)   Loses game:     	White=1     	Black=2      Missed win:     	White=2     	---        Mistake:       	White=2     	Black=1      Inaccurate:     	White=2     	Black=2      OK:         	White=15    	Black=13     Best:        	White=1     	Black=6      Strong:       	White=1     	Black=1} 0-1

[Event "4NCL Div 1 2024-25"]
[Site "England"]
[Date "2025.04.05"]
[Round "7.26"]
[White "Czopor, Maciej"]
[Black "Badacsonyi, Frankie"]
[Result "1/2-1/2"]
[Annotator "RC"]
[ECO "A28"]
[WhiteElo "2383"]
[BlackElo "2266"]
[PlyCount "29"]
[EventDate "2024.11.23"]
[EventType "team-tourn"]
[EventCountry "ENG"]
[SourceTitle "playchess.com"]
[Source "ChessBase"]
[SourceQuality "1"]
[TimeControl "40/6000+30:3000+30"]

1. c4 e5 2. Nc3 Nf6 3. Nf3 Nc6 4. e3 Bb4 5. Qc2 Bxc3 6. Qxc3 Qe7 7. d3 d5 8. cxd5 Nxd5 9. Qb3 Qb4+ 10. Nd2 Qxb3 11. Nxb3 Ndb4 12. Kd2 Bf5 13. Kc3 Nd5+ 14. Kd2 Ndb4 15. Kc3 1/2-1/2